General information
- name: BNet
- type: Ladder team game (AT/RT)
- host: Battle.net
- saver: butter15
map: RiceFields
- players: 6
- length: 33:49
- speed: Fast
- version: 1.26 W3XP
- replay type:

» download(291 KB)
Players
team 1 (loser)
2GLOCK9s (
teal | 76 APM | 2572 actions | 33:41)
5 Death Knight
3 Death Coil
1 Unholy Aura
1 Death Pact
5 Lich
3 Frost Nova
2 Frost Armor
4 Crypt Lord
2 Impale
2 Spiked Carapace
» actions
| Assign group hotkey | 39 | |
| Basic commands | 348 | |
| Build / train | 82 | |
| ESC pressed | 1 | |
| Enter build submenu | 29 | |
| Enter hero's abilities submenu | 15 | |
| Give item / drop item | 8 | |
| Remove unit from queue | 1 | |
| Right click | 936 | |
| Select / deselect | 355 | |
| Select group hotkey | 590 | |
| Use ability | 168 | |
2572 total
» units
| Acolyte | 12 | |
| Ghoul | 1 | |
| Crypt Fiend | 22 | |
| Obsidian Statue | 4 | |
39 total
» upgrades
| Creature Attack | 1 | |
| Web | 1 | |
| Destroyer Form | 1 | |
3 total
» buildings
| Graveyard | 1 | |
| Crypt | 3 | |
| Altar of Darkness | 1 | |
| Ziggurat | 12 | |
| Tomb of Relics | 1 | |
| Nerubian Tower | 2 | |
| Halls of the Dead | 1 | |
| Slaughterhouse | 1 | |
| Black Citadel | 1 | |
| Spirit Tower | 5 | |
| Necropolis | 3 | |
31 total
» build order
00:06 Graveyard
00:08 Crypt
00:40 Altar of Darkness
00:56 Ziggurat
01:28 Tomb of Relics
02:00 Ziggurat
02:42 Nerubian Tower
02:42 Nerubian Tower
03:59 Ziggurat
04:47 Halls of the Dead
07:13 Slaughterhouse
07:39 Ziggurat
10:33 Black Citadel
11:09 Crypt
14:14 Spirit Tower
15:35 Ziggurat
15:36 Ziggurat
18:11 Spirit Tower
19:21 Necropolis
20:05 Spirit Tower
20:43 Necropolis
23:41 Ziggurat
25:00 Spirit Tower
25:02 Ziggurat
26:26 Ziggurat
26:27 Ziggurat
26:30 Ziggurat
27:01 Necropolis
27:02 Ziggurat
27:22 Spirit Tower
28:10 Spirit Tower
31:19 Crypt
» items
| Rod of Necromancy | 2 | |
| Dust of Appearance | 4 | |
| Potion of Healing | 2 | |
| Orb of Corruption | 1 | |
| Potion of Mana | 4 | |
13 total
lajanjenazvezde (
purple | 98 APM | 3317 actions | 33:47)
2 Archmage
1 Blizzard
1 Brilliance Aura
2 Paladin
1 Holy Light
1 Divine Shield
2 Mountain King
1 Storm Bolt
1 Bash
» actions
| Assign group hotkey | 68 | |
| Basic commands | 1 | |
| Build / train | 58 | |
| ESC pressed | 2 | |
| Enter build submenu | 40 | |
| Enter hero's abilities submenu | 6 | |
| Remove unit from queue | 1 | |
| Right click | 1627 | |
| Select / deselect | 415 | |
| Select group hotkey | 974 | |
| Use ability | 125 | |
3317 total
» units
| Peasant | 8 | |
| Flying Machine | 7 | |
| Mortar Team | 12 | |
27 total
» upgrades
| Lumber Harvesting | 1 | |
| Barrage | 1 | |
| Masonry | 1 | |
| Flare | 1 | |
| Fragmentation Shards | 1 | |
5 total
» buildings
| Farm | 9 | |
| Altar of Kings | 1 | |
| Scout Tower | 24 | |
| Arcane Tower | 1 | |
| Lumber Mill | 1 | |
| Guard Tower | 11 | |
| Keep | 1 | |
| Blacksmith | 1 | |
| Workshop | 3 | |
| Castle | 1 | |
| Arcane Vault | 1 | |
54 total
» build order
00:20 Farm
00:24 Altar of Kings
03:04 Scout Tower
03:36 Arcane Tower
06:34 Lumber Mill
06:36 Scout Tower
06:37 Scout Tower
06:39 Scout Tower
06:42 Scout Tower
06:45 Scout Tower
07:42 Guard Tower
08:17 Guard Tower
09:05 Keep
11:10 Blacksmith
12:23 Workshop
12:26 Workshop
12:56 Farm
12:57 Farm
12:58 Farm
13:40 Castle
14:15 Farm
15:56 Workshop
17:34 Scout Tower
17:36 Scout Tower
17:58 Farm
17:59 Farm
18:00 Farm
18:01 Farm
19:18 Guard Tower
19:42 Guard Tower
19:44 Scout Tower
20:33 Guard Tower
20:38 Scout Tower
20:39 Scout Tower
20:42 Scout Tower
21:24 Scout Tower
21:54 Scout Tower
22:29 Scout Tower
22:42 Scout Tower
22:42 Scout Tower
22:48 Guard Tower
22:50 Scout Tower
23:08 Guard Tower
23:23 Scout Tower
23:34 Guard Tower
23:40 Scout Tower
24:21 Scout Tower
24:22 Scout Tower
24:23 Scout Tower
24:24 Guard Tower
24:54 Guard Tower
24:56 Scout Tower
26:20 Guard Tower
27:21 Arcane Vault
» items
| Rod of Necromancy | 1 | |
| Dust of Appearance | 1 | |
2 total
psionic-storm (
yellow | 58 APM | 1952 actions | 33:44)
3 Pit Lord
2 Rain of Fire
1 Howl of Terror
» actions
| Assign group hotkey | 113 | |
| Basic commands | 77 | |
| Build / train | 86 | |
| Enter build submenu | 26 | |
| Enter hero's abilities submenu | 3 | |
| Right click | 968 | |
| Select / deselect | 351 | |
| Select group hotkey | 211 | |
| Use ability | 117 | |
1952 total
» units
| Acolyte | 2 | |
| Ghoul | 12 | |
| Necromancer | 23 | |
| Meatwagon | 19 | |
56 total
» upgrades
| Unholy Strength | 3 | |
| Exhume Corpses | 1 | |
| Skeletal Longevity | 1 | |
| Necromancer Training | 2 | |
| Skeletal Mastery | 1 | |
| Ghoul Frenzy | 1 | |
9 total
» buildings
| Ziggurat | 10 | |
| Crypt | 1 | |
| Graveyard | 1 | |
| Halls of the Dead | 8 | |
| Altar of Darkness | 1 | |
| Nerubian Tower | 2 | |
| Tomb of Relics | 1 | |
| Spirit Tower | 2 | |
| Black Citadel | 1 | |
| Slaughterhouse | 3 | |
| Temple of the Damned | 4 | |
| Sacrificial Pit | 1 | |
35 total
» build order
00:12 Ziggurat
00:16 Crypt
00:37 Graveyard
01:02 Halls of the Dead
01:03 Halls of the Dead
01:45 Altar of Darkness
01:49 Ziggurat
01:55 Nerubian Tower
02:07 Tomb of Relics
02:47 Ziggurat
03:07 Spirit Tower
03:26 Black Citadel
03:38 Slaughterhouse
03:39 Slaughterhouse
03:42 Temple of the Damned
03:55 Temple of the Damned
03:56 Temple of the Damned
04:47 Ziggurat
04:49 Ziggurat
04:51 Ziggurat
04:54 Ziggurat
18:30 Spirit Tower
21:51 Temple of the Damned
21:54 Slaughterhouse
22:32 Sacrificial Pit
30:10 Ziggurat
30:16 Ziggurat
30:24 Ziggurat
31:39 Nerubian Tower
» items
team 2 (winner)
Birdeneering (
orange | 137 APM | 4632 actions | 33:48)
5 Archmage
3 Blizzard
2 Brilliance Aura
4 Blood Mage
2 Flame Strike
2 Siphon Mana
» actions
| Assign group hotkey | 662 | |
| Basic commands | 17 | |
| Build / train | 125 | |
| Enter build submenu | 108 | |
| Enter hero's abilities submenu | 9 | |
| Give item / drop item | 7 | |
| Right click | 2163 | |
| Select / deselect | 486 | |
| Select group hotkey | 780 | |
| Use ability | 275 | |
4632 total
» units
» upgrades
» buildings
| Altar of Kings | 1 | |
| Farm | 4 | |
| Lumber Mill | 2 | |
| Scout Tower | 108 | |
| Arcane Tower | 8 | |
| Guard Tower | 56 | |
| Arcane Vault | 4 | |
| Keep | 1 | |
| Arcane Sanctum | 1 | |
| Castle | 1 | |
| Town Hall | 2 | |
188 total
» build order
00:07 Altar of Kings
00:19 Farm
00:56 Lumber Mill
01:02 Farm
01:18 Scout Tower
01:36 Scout Tower
01:52 Scout Tower
01:55 Arcane Tower
01:56 Arcane Tower
01:57 Scout Tower
02:04 Arcane Tower
02:04 Arcane Tower
02:24 Scout Tower
02:27 Scout Tower
02:27 Guard Tower
02:33 Guard Tower
02:35 Scout Tower
02:41 Arcane Vault
03:03 Guard Tower
03:21 Scout Tower
03:21 Guard Tower
03:45 Scout Tower
04:06 Guard Tower
04:07 Scout Tower
04:25 Scout Tower
04:25 Guard Tower
04:28 Scout Tower
04:45 Keep
05:01 Scout Tower
05:02 Scout Tower
05:03 Scout Tower
05:05 Guard Tower
05:08 Guard Tower
05:11 Scout Tower
05:12 Scout Tower
05:44 Scout Tower
05:44 Scout Tower
05:55 Guard Tower
06:04 Guard Tower
06:06 Scout Tower
06:13 Guard Tower
06:15 Scout Tower
06:33 Scout Tower
06:34 Scout Tower
06:44 Scout Tower
06:47 Arcane Tower
06:48 Scout Tower
06:49 Scout Tower
06:50 Scout Tower
06:52 Farm
07:09 Guard Tower
07:16 Arcane Sanctum
07:18 Scout Tower
07:20 Guard Tower
07:23 Guard Tower
07:37 Scout Tower
07:49 Guard Tower
09:11 Guard Tower
09:13 Scout Tower
09:14 Scout Tower
09:16 Arcane Tower
09:17 Scout Tower
09:18 Scout Tower
11:13 Guard Tower
11:14 Scout Tower
11:20 Castle
11:21 Farm
11:24 Scout Tower
11:24 Scout Tower
11:26 Lumber Mill
11:40 Guard Tower
11:43 Arcane Vault
12:34 Arcane Vault
12:35 Scout Tower
12:35 Scout Tower
12:38 Scout Tower
12:39 Scout Tower
12:41 Scout Tower
12:42 Scout Tower
12:52 Scout Tower
12:53 Scout Tower
13:01 Guard Tower
13:25 Guard Tower
13:35 Guard Tower
13:37 Scout Tower
13:39 Scout Tower
13:53 Guard Tower
13:55 Scout Tower
13:56 Scout Tower
13:56 Scout Tower
14:12 Town Hall
14:13 Scout Tower
14:14 Scout Tower
14:14 Scout Tower
14:14 Scout Tower
14:15 Scout Tower
14:15 Scout Tower
14:17 Scout Tower
14:18 Scout Tower
14:18 Scout Tower
14:19 Scout Tower
14:19 Scout Tower
14:20 Scout Tower
14:49 Guard Tower
14:51 Scout Tower
15:03 Guard Tower
15:10 Guard Tower
15:53 Guard Tower
16:05 Guard Tower
16:05 Guard Tower
16:06 Guard Tower
16:11 Guard Tower
16:11 Guard Tower
16:24 Guard Tower
16:25 Guard Tower
16:57 Guard Tower
17:03 Scout Tower
17:04 Scout Tower
17:11 Scout Tower
17:12 Scout Tower
17:44 Scout Tower
18:20 Guard Tower
18:21 Scout Tower
18:50 Scout Tower
19:00 Arcane Vault
19:09 Scout Tower
19:34 Scout Tower
19:40 Town Hall
19:41 Guard Tower
19:55 Scout Tower
19:58 Guard Tower
20:00 Scout Tower
20:03 Scout Tower
20:04 Scout Tower
20:05 Scout Tower
20:07 Scout Tower
20:48 Guard Tower
20:56 Guard Tower
21:01 Guard Tower
22:11 Scout Tower
22:12 Scout Tower
22:21 Scout Tower
22:49 Guard Tower
22:56 Scout Tower
22:57 Scout Tower
22:57 Scout Tower
23:14 Guard Tower
23:18 Scout Tower
23:23 Scout Tower
23:29 Guard Tower
23:31 Scout Tower
23:49 Scout Tower
23:53 Guard Tower
23:59 Guard Tower
24:23 Guard Tower
24:36 Scout Tower
25:04 Guard Tower
25:08 Scout Tower
25:12 Scout Tower
25:59 Guard Tower
26:01 Scout Tower
26:16 Scout Tower
26:39 Arcane Tower
27:51 Scout Tower
27:52 Scout Tower
27:54 Scout Tower
28:34 Scout Tower
28:36 Scout Tower
28:37 Guard Tower
28:45 Scout Tower
28:45 Scout Tower
29:16 Guard Tower
29:52 Scout Tower
30:19 Scout Tower
30:20 Scout Tower
30:21 Scout Tower
30:23 Scout Tower
30:23 Scout Tower
30:24 Scout Tower
31:17 Guard Tower
31:27 Guard Tower
31:27 Guard Tower
31:27 Guard Tower
33:30 Guard Tower
33:37 Scout Tower
33:41 Scout Tower
» items
| Healing Salve | 4 | |
| Orb of Lightning | 1 | |
| Staff of Sanctuary | 2 | |
| Scroll of Regeneration | 3 | |
| Scroll of Town Portal | 1 | |
11 total
butter15 (
green | 127 APM | 4302 actions | 33:49)
4 Demon Hunter
2 Mana Burn
1 Immolation
1 Evasion
4 Pandaren Brewmaster
2 Breath of Fire
2 Drunken Haze
» actions
| Assign group hotkey | 18 | |
| Basic commands | 3 | |
| Build / train | 97 | |
| Enter build submenu | 17 | |
| Enter hero's abilities submenu | 8 | |
| Give item / drop item | 10 | |
| Remove unit from queue | 7 | |
| Right click | 3027 | |
| Select / deselect | 559 | |
| Select group hotkey | 359 | |
| Use ability | 197 | |
4302 total
» units
| Wisp | 26 | |
| Hippogryph | 6 | |
| Chimaera | 8 | |
40 total
» upgrades
| Ultravision | 1 | |
| Nature's Blessing | 1 | |
| Strength of the Wild | 3 | |
| Well Spring | 1 | |
| Reinforced Hides | 3 | |
| Corrosive Breath | 1 | |
10 total
» buildings
| Altar of Elders | 1 | |
| Moon Well | 7 | |
| Tree of Ages | 3 | |
| Hunter's Hall | 1 | |
| Ancient of Wind | 2 | |
| Ancient of Wonders | 1 | |
| Tree of Eternity | 2 | |
| Chimaera Roost | 2 | |
| Tree of Life | 3 | |
22 total
» build order
00:14 Altar of Elders
00:18 Moon Well
01:28 Moon Well
04:17 Tree of Ages
04:17 Tree of Ages
04:17 Tree of Ages
04:38 Hunter's Hall
05:12 Moon Well
05:17 Moon Well
06:50 Ancient of Wind
06:55 Ancient of Wonders
09:54 Tree of Eternity
09:55 Tree of Eternity
21:57 Chimaera Roost
21:58 Chimaera Roost
25:15 Moon Well
25:16 Moon Well
25:17 Moon Well
26:09 Tree of Life
31:49 Tree of Life
31:52 Ancient of Wind
31:54 Tree of Life
» items
| Healing Salve | 6 | |
| Lesser Clarity Potion | 9 | |
| Staff of Preservation | 1 | |
| Dust of Appearance | 1 | |
| Orb of Venom | 1 | |
| Staff of Sanctuary | 1 | |
| Scroll of Town Portal | 1 | |
| Scroll of Regeneration | 1 | |
| Orb of Lightning | 1 | |
22 total
nutsonyochin.DE (
blue | 117 APM | 3954 actions | 33:48)
6 Blademaster
2 Wind Walk
3 Critical Strike
1 Bladestorm
» actions
| Assign group hotkey | 17 | |
| Basic commands | 20 | |
| Build / train | 64 | |
| ESC pressed | 8 | |
| Enter build submenu | 72 | |
| Enter hero's abilities submenu | 6 | |
| Give item / drop item | 2 | |
| Right click | 2537 | |
| Select / deselect | 301 | |
| Select group hotkey | 717 | |
| Use ability | 210 | |
3954 total
» units
» upgrades
| Spiked Barricades | 1 | |
| Liquid Fire | 1 | |
| Ranged Weapons | 2 | |
4 total
» buildings
| Altar of Storms | 1 | |
| War Mill | 1 | |
| Orc Burrow | 3 | |
| Watch Tower | 60 | |
| Voodoo Lounge | 3 | |
| Stronghold | 1 | |
| Fortress | 1 | |
| Beastiary | 2 | |
| Great Hall | 1 | |
73 total
» build order
00:02 Altar of Storms
00:12 War Mill
00:16 Orc Burrow
01:26 Watch Tower
01:42 Voodoo Lounge
02:05 Watch Tower
02:07 Watch Tower
03:06 Stronghold
03:08 Watch Tower
03:21 Watch Tower
03:32 Watch Tower
04:20 Watch Tower
04:37 Watch Tower
05:00 Watch Tower
05:01 Watch Tower
05:36 Fortress
05:38 Beastiary
05:40 Beastiary
05:52 Watch Tower
06:04 Orc Burrow
06:20 Watch Tower
06:21 Watch Tower
06:44 Orc Burrow
07:13 Watch Tower
07:14 Watch Tower
07:16 Watch Tower
07:42 Watch Tower
08:21 Watch Tower
09:00 Watch Tower
09:23 Watch Tower
09:24 Watch Tower
09:32 Watch Tower
09:34 Watch Tower
10:09 Watch Tower
10:16 Watch Tower
10:17 Watch Tower
10:20 Voodoo Lounge
11:33 Watch Tower
12:36 Watch Tower
12:51 Watch Tower
12:51 Watch Tower
12:58 Watch Tower
14:07 Watch Tower
16:17 Watch Tower
16:18 Watch Tower
20:41 Voodoo Lounge
20:43 Watch Tower
24:08 Great Hall
25:34 Watch Tower
25:34 Watch Tower
25:35 Watch Tower
25:36 Watch Tower
25:36 Watch Tower
25:37 Watch Tower
26:23 Watch Tower
26:24 Watch Tower
28:24 Watch Tower
28:25 Watch Tower
28:25 Watch Tower
28:26 Watch Tower
29:24 Watch Tower
29:25 Watch Tower
29:33 Watch Tower
31:13 Watch Tower
31:14 Watch Tower
31:15 Watch Tower
32:09 Watch Tower
32:09 Watch Tower
33:19 Watch Tower
33:19 Watch Tower
33:21 Watch Tower
33:22 Watch Tower
33:22 Watch Tower
» items
| Healing Salve | 3 | |
| Lesser Clarity Potion | 9 | |
| Potion of Healing | 2 | |
| Orb of Lightning | 1 | |
| Scroll of Town Portal | 1 | |
16 total
Chat log
(05:37 / All) psionic-storm: u guys suck
(05:43 / All) butter15: o....
(18:36 / All) Birdeneering: woww
(18:39 / All) Birdeneering: you're bad
(18:49 / All) psionic-storm: u try play on a fucking tv
(18:52 / All) butter15: LOL
(18:56 / All) butter15: i have
(19:00 / All) butter15: its good for rt
(19:01 / All) psionic-storm: its hard
(22:38 / All) butter15: lol
(22:42 / All) butter15: towers dont move???
(33:46 / All) butter15: lol
(33:47 / All) Birdeneering: u were bad